 Dungeon Sprint DCSS version 0.28-a0-1629-gf728b707aa (webtiles) character file.

Game seed: 9513623097793551185

128 mhtbhm the Slasher (level 4, -7/67 HPs)
             Began as a Draconian Berserker on Jan 25, 2022.
             Was a Priest of Trog.
             Mangled by a two-headed ogre (25 damage)
             ... in the Dungeon (Sprint IX: "|||||||||||||||||||||||||||||").
             The game lasted 00:00:41 (424 turns).

mhtbhm the Slasher (Draconian Berserker)             Turns: 424, Time: 00:00:41

Health: -7/67      AC:  6    Str: 21    XL:     4   Next: 86%
Magic:  4/4        EV: 13    Int:  8    God:    Trog [***...]
Gold:   0          SH:  0    Dex: 10    Spells: 3/3 levels left

rFire   . . .      SeeInvis .   a - +2 scimitar (flame)
rCold   . . .      Faith    .   (no shield)
rNeg    . . .      Spirit   .   (armour unavailable)
rPois   .          Reflect  .   (helmet restricted)
rElec   .          Harm     .   (no cloak)
rCorr   .          Rampage  .   (no gloves)
Will    .....      NoTele   +   i - +0 pair of boots
Stlth   ..........              (no amulet)
HPRegen 0.21/turn               (no ring)
MPRegen 0.09/turn               (no ring)

@: berserking, very quick
A: AC +5, unfitting armour, cold-blooded
a: Renounce Religion, Berserk, Trog's Hand


You were in the Dungeon.
You worshipped Trog.
Trog was most pleased with you.
You visited 1 branch

Inventory:

Hand Weapons
 a - a +2 scimitar of flaming (weapon)
Armour
 i - a +0 pair of boots (worn)
Jewellery
 j - a +3 ring of strength
 k - a +3 ring of strength
Wands
 h - a wand of iceblast (10)
Scrolls
 g - 2 scrolls of blinking
Potions
 b - 5 potions of curing
 c - 3 potions of heal wounds
 d - a potion of haste
 e - 4 potions of magic
 f - a potion of invisibility


   Skills:
 + Level 6.4 Fighting
 + Level 6.5 Long Blades
 + Level 6.0 Dodging


You had 3 spell levels left.
You didn't know any spells.
Your spell library was empty.

Dungeon Overview and Level Annotations

Branches:
Dungeon (1/1)

Altars:
Cheibriados
Dithmenos
Elyvilon
Fedhas
Gozag
Hepliaklqana
Kikubaaqudgha
Makhleb
Nemelex Xobeh
Okawaru
Qazlal
Ru
Sif Muna
Trog
Uskayaw
Vehumet
Wu Jian
Xom
Yredelemnul
Zin
The Shining One
Beogh
Jiyva
Lugonu


Innate Abilities, Weirdness & Mutations

Your plain brown scales are hard. (AC +5)
You cannot fit into any form of body armour.
You are cold-blooded and may be slowed by cold attacks.


Message History

You see here 2 scrolls of amnesia.
h - a wand of iceblast (10)
Items here: )))))).
You are now empty-handed.
You drop a +0 falchion.
a - a +2 scimitar of flaming Your +2 scimitar of flaming bursts into flame!
a - a +2 scimitar of flaming (weapon)
You see here a +0 pair of boots.
i - a +0 pair of boots You start putting on your armour.
You continue putting on your +0 pair of boots. x4
You finish putting on your +0 pair of boots.
You start waiting.
Done waiting.
You see here a +0 pair of boots.
You see here a +1 chain mail.
j - a +3 ring of strength
k - a +3 ring of strength You see here a +1 chain mail.
Okay, then.
You open the door.
An orc warrior, an acid dragon, a howler monkey, a kobold brigand and 2 two-headed ogres come into view.
The kobold brigand is wielding a +2 short sword of draining and quivering poisoned darts.
The orc warrior shouts!
The acid dragon roars!
The howler monkey howls!
The kobold brigand shouts!
Okay, then.
Okay, then.
A red film seems to cover your vision as you go berserk!
You feel yourself moving faster!
You feel mighty! The two-headed ogre closely misses you.
The two-headed ogre hits you with a +0 giant club!!
You slice the two-headed ogre!! You burn the two-headed ogre.
You tail-slap the two-headed ogre.
The two-headed ogre is heavily wounded.
You barely miss the two-headed ogre.
The two-headed ogre is heavily wounded.
The two-headed ogre hits you with a +0 giant club!!
* * * LOW HITPOINT WARNING * * *
The two-headed ogre hits you with a +0 giant club!!
You die...

▓o▓
▓.▓
▓D▓
▓h▓
▓O▓
▓K▓
▓O▓
▓@▓
▓.▓
▓[▓
▓[▓
▓.▓
▓.▓
▓)▓
▓?▓
▓.▓


You could see 2 two-headed ogres, an orc warrior, an acid dragon, a kobold
brigand and a howler monkey.

Vanquished Creatures
  A black bear (D)
  A hound (D)
  A bat zombie (D)
  A goblin (D)
  A hobgoblin (D)
  A quokka (D)
  2 ball python skeletons (D)
  2 frilled lizards (D)
10 creatures vanquished.

Notes
Turn   | Place    | Note
-------+----------+-------------------------------------------
     0 | D        | mhtbhm the Draconian Berserker began the quest for the Orb.
     0 | D        | Reached XP level 1. HP: 19/19 MP: 1/1
    12 | D        | Reached ** piety under Trog
   124 | D        | Noticed a hound
   124 | D        | Noticed a black bear
   131 | D        | Killed a black bear
   132 | D        | Reached skill level 5 in Fighting
   132 | D        | Reached skill level 5 in Dodging
   132 | D        | Reached XP level 2. HP: 20/30 MP: 2/2
   132 | D        | Reached XP level 3. HP: 24/37 MP: 3/3
   132 | D        | Reached XP level 4. HP: 29/44 MP: 4/4
   133 | D        | Reached *** piety under Trog
   266 | D        | Found a snail-covered altar of Cheibriados.
   266 | D        | Found a shadowy altar of Dithmenos.
   266 | D        | Found a white marble altar of Elyvilon.
   266 | D        | Found a blossoming altar of Fedhas.
   266 | D        | Found an opulent altar of Gozag.
   267 | D        | Found a hazy altar of Hepliaklqana.
   268 | D        | Found a viscous altar of Jiyva.
   269 | D        | Found an ancient bone altar of Kikubaaqudgha.
   270 | D        | Found a corrupted altar of Lugonu.
   271 | D        | Found a burning altar of Makhleb.
   272 | D        | Found a sparkling altar of Nemelex Xobeh.
   273 | D        | Found an iron altar of Okawaru.
   274 | D        | Found a stormy altar of Qazlal.
   275 | D        | Found a sacrificial altar of Ru.
   276 | D        | Found a shimmering blue altar of Sif Muna.
   277 | D        | Found a bloodstained altar of Trog.
   278 | D        | Found a hide-covered altar of Uskayaw.
   279 | D        | Found a radiant altar of Vehumet.
   280 | D        | Found an ornate altar of the Wu Jian Council.
   281 | D        | Found a shimmering altar of Xom.
   282 | D        | Found a basalt altar of Yredelemnul.
   283 | D        | Found a glowing silver altar of Zin.
   284 | D        | Found a glowing golden altar of the Shining One.
   292 | D        | Found the +8 arc blade {discharge, rElec}
   421 | D        | Noticed an orc warrior
   421 | D        | Noticed an acid dragon
   421 | D        | Noticed a two-headed ogre
   421 | D        | Noticed a kobold brigand
   421 | D        | Noticed a two-headed ogre
   424 | D        | Mangled by a two-headed ogre

Illustrated notes

Levels and vault maps discovered:
D:        linesprint [early_d, line_temple, items_1, d_10, items_2, lair_1,
          lair_end, items_3, orc_1, orc_end, items_4, d_15, swamp_1, shoals_1,
          snake_1, spider_1, d_20, vaults_1, items_5, swamp_end, shoals_end,
          snake_end, spider_end, vaults_end, d_27, items_6, zot_1, zot_end,
          crypt_end, forest_end, elf_end, slime_end, tomb_end, abyss_end,
          pan_hell_end]

Skill      XL: |  1  2  3  4 |
---------------+-------------+-----
Dodging        | 5 6 |  6.0
Fighting       | 5 6 |  6.4
Long Blades    | 6 |  6.5

Action                   |  1- 3 |  4- 6 || total
-------------------------+-------+-------++-------
Melee: Falchion          |    17 |     6 ||    23
       Tailslap          |     3 |     1 ||     4
       Scimitar          |       |     2 ||     2
Invok: Berserk           |       |     1 ||     1
  Use: Potion            |     1 |       ||     1
Armor: Skin              |     3 |     1 ||     4
Dodge: Dodged            |    10 |     5 ||    15

Table legend: (Time is in decaauts)
 A = Elapsed time spent in this place.
 B = Non-inter-level travel time spent in this place.
 C = Inter-level travel time spent in this place.
 D = Time resting spent in this place.
 E = Time spent auto-exploring this place.
 F = Levels seen in this place.
 G = Mean time per level.
                   A        B        C        D        E       F      G
               +--------+--------+--------+--------+--------+-----+--------+
         Total |    431 |    431 |      0 |    332 |      3 |   1 |  431.0 |
       Dungeon |    431 |    431 |      0 |    332 |      3 |   1 |  431.0 |
               +--------+--------+--------+--------+--------+-----+--------+

Top non-repeatable levels by time:
       D: 431 daAuts
